Map: Frozen Temple

Players

BarbyZerG

  • Race: Terran Terran
  • League: Platinum

blackxored - Winner!

  • Race: Zerg Zerg
  • League: Platinum

VOD

Have the link to the VOD?

Description

Time

  • Played on: June 25, 2016, 1:01 p.m.
  • Length: 5:00
Show
View Real Time Build Order
Export as new Build Order

BarbyZerG Terran 

Build Orders:  

Get SALT Encoding   

  12  0:14  Supply Depot  
  12  0:37  Barracks  
  12  0:44  Barracks  
  12  1:01  Barracks  
  12  1:14  Supply Depot  
  12  1:20  SCV  
  12  1:25  Marine  
  14  1:32  Marine  
  15  1:42  Marine  
  16  1:50  Marine  
  17  2:00  Marine  
  17  2:08  Marine x2  
  19  2:18  Marine  
  20  2:26  Marine  
  21  2:32  Marine  
  21  2:36  Marine  
  22  2:43  Marine  
  23  2:49  Marine  
  23  2:54  Marine  
  24  3:01  Marine  
  25  3:07  Marine  
  25  3:12  Marine  
  27  3:19  Marine  
  27  3:25  Marine  
  25  3:29  Marine  
  18  3:37  Marine  
  19  3:43  Marine  
  19  3:47  Marine  
  15  3:55  Marine  
  16  4:01  Marine  
  17  4:05  Marine  
  18  4:12  Marine  
  19  4:18  Marine  
  19  4:23  Marine  
  21  4:30  Marine  
  22  4:36  Marine  
  23  4:41  Marine  
Show
View Real Time Build Order
Export as new Build Order

blackxored Zerg - Winner!

Build Orders: Hatch First 

Get SALT Encoding   

  12  0:01  Drone  
  13  0:13  Drone  
  14  0:23  Overlord  
  14  0:28  Extractor, Drone  
  15  0:42  Drone x2  
  17  0:56  Drone  
  18  0:58  Hatchery  
  18  1:02  Drone  
  18  1:10  Extractor  
  17  1:16  Spawning Pool  
  17  1:18  Drone  
  17  1:21  Drone  
  18  1:29  Drone  
  19  1:51  Overlord  
  19  2:04  Zergling x4  
  19  2:05  Queen  
  19  2:07  Baneling Nest  
  21  2:13  Zergling x4  
  21  2:15  Spine Crawler  
  22  2:25  Zergling x4  
  24  2:35  Zergling x4  
  22  2:41  Queen  
  22  2:55  Zergling x6  
  22  2:56  Zergling x2  
  26  3:05  Baneling x2  
  26  3:11  Zergling x4  
  28  3:18  Overlord  
  28  3:19  Baneling  
  28  3:20  Baneling  
  18  3:52  Drone  
  18  3:53  Drone  
  20  3:59  Baneling x2  
  20  4:00  Baneling  
  20  4:04  Drone  
  21  4:14  Zergling x4  
  23  4:23  Drone  
  25  4:24  Drone  
  25  4:28  Drone  
  26  4:41  Drone x2  
  26  4:42  Drone  
Tags
 
Add a new tag
Caveats
  • Supply blocks, unpowered buildings, or Contaminate may cause inaccurate times.
  • Supply counts are checked every 10 seconds.